 Dungeon Crawl Stone Soup version 0.32-a0-656-g3542139ebd (webtiles) character file.

Game seed: 3653551798048508750

65 kae the Slasher (level 4, 0/35 HPs)
             Began as a Coglin Gladiator on Mar 8, 2024.
             Slain by an orc
             ... wielding a +0 trident
              (7 damage)
             ... on level 3 of the Dungeon.
             The game lasted 00:00:30 (1164 turns).

kae the Slasher (Coglin Gladiator)                  Turns: 1164, Time: 00:00:31

Health: 0/35       AC:  4    Str: 14    XL:     4   Next: 14%
Magic:  4/4        EV: 12    Int:  7    God:
Gold:   121        SH:  0    Dex: 18    Spells: 3/3 levels left

rFire   . . .        a - +0 long sword {Lucia}
rCold   . . .        f - +0 dagger {Marisol}
rNeg    . . .        b - +0 leather armour
rPois   .            c - +0 helmet
rElec   .            (no cloak)
rCorr   .            (no gloves)
SInv    .            (no boots)
Will    .....        (amulet unavailable)
Stlth   +            (ring unavailable)
HPRegen 0.25/turn    (ring unavailable)
MPRegen 0.09/turn    (no gizmo)

%: no passive effects
@: revving
A: off-hand wielding, slow wielding, warmup strikes, no jewellery
a: Invent Gizmo


You were on level 3 of the Dungeon.
You visited 1 branch of the dungeon, and saw 3 of its levels.

You collected 121 gold pieces.


Innate Abilities, Weirdness & Mutations

You can wield a second weapon in your off-hand.
It takes a long time for you to wield or remove held weapons.
Your first few attacks do less damage.
You cannot equip rings or amulets.


   Skills:
 + Level 3.0 Fighting
 + Level 4.2 Long Blades
 - Level 1.7 Throwing
 - Level 2.6 Dodging


You had 3 spell levels left.
You didn't know any spells.
Your spell library contained the following spells:

 Spells                   Type           Power      Damage    Failure   Level
 Foxfire                  Conj/Fire      0%         2x1d4     52%         1
 Cigotuvi's Dreadful Rot  Necr/Alch/Air  0%         N/A       65%         2
 Tukima's Dance           Hex            0%         N/A       87%         3
 Dimensional Bullseye     Hex/Tloc       0%         N/A       99%         4
 Ignite Poison            Fire/Alch      0%         N/A       99%         4
 Iskenderun's Mystic Bla  Conj/Tloc      0%         2d3       99%         4
 Manifold Assault         Tloc           0%         N/A       99%         4
 Freezing Cloud           Conj/Ice/Air   0%         6-21      100%        5
 Dispersal                Tloc           0%         N/A       100%        6
 Disjunction              Tloc           0%         N/A       100%        8

Inventory:

Hand Weapons
 a - a +0 long sword (weapon) {Lucia}
 f - a +0 dagger (offhand) {Marisol}
Missiles
 d - 3 throwing nets (quivered) {=f!f}
 e - a javelin
 h - 20 stones
Armour
 b - a +0 leather armour (worn)
 c - a +0 helmet (worn)
Magical Staves
 g - a staff of air {!a}
   (You found it on level 1 of the Dungeon)
 p - a staff of fire {!a}
   (You found it on level 1 of the Dungeon)
Jewellery
 D - a +6 ring of dexterity
   (You found it on level 1 of the Dungeon)
Scrolls
 i - 4 scrolls of identify {unknown}
 j - a scroll of blinking {unknown}
 l - 2 scrolls of revelation {unknown}
 n - a scroll of enchant armour {unknown}
 q - a scroll of immolation {unknown}
 r - a scroll of acquirement {unknown}
 t - a scroll of silence {unknown}
 u - a scroll of amnesia {unknown}
Potions
 k - a potion of magic {unknown}
 m - a potion of berserk rage {unknown}
 o - a potion of heal wounds {unknown}
 s - a potion of curing {unknown}

Dungeon Overview and Level Annotations

Branches:
Dungeon (3/15) Zot: 16822

Altars:
Ru

......#.####.#.#..#######.....#
..........................###.#
†..<...#...................##.###
..................###............
....#####..............###.###.##
.#.## #.............. #.# #.#
.... #.........###. #.# #.# .....
......."o.# #..###.###.# #...#
##.###.#@## #..........# #....
...#)#####.###.###.#
...###.##....# #.# #.# #.##
#.##.######.# #.# #
#.........[.###.#
####.####.......# #†# #.#######
#.# #.# #.# #.#


You could see an orc.


Message History

You hit the adder with your +0 long sword.
You kill the adder!
You feel sick.
You are no longer poisoned.
No target in view!
An endoplasm is nearby!
No target in view! 😕 HP[+1]
i - 3 scrolls labelled GOUQEI EMMAADU (gained 1)
You see here a +0 pair of boots.
i - 4 scrolls labelled GOUQEI EMMAADU (gained 1)
Found a stone staircase leading up. 😎 HP[+4]
Your hp is fully restored (28).
No target in view!
No target in view!
An endoplasm is nearby!
You hit the endoplasm with your +0 dagger.
You hit the endoplasm with your +0 long sword.
You kill the endoplasm!
You have reached level 4!
You feel agile.
Found an escape hatch in the ceiling. 😎 HP[+6] MP[+1]
You now have 34 max hp (+6).
Your hp is fully restored (34).
Your mp is fully restored (4).
You see here a +0 scale mail.
h - 20 stones (gained 5)
A bat comes into view.
A bat is nearby!
The helpless bat fails to defend itself.
You slash the bat with your +0 long sword!
You kill the bat!
Your Fighting skill increases to level 3! 😎 HP[+1]
You now have 35 max hp (+1).
Your hp is fully restored (35).
An orc comes into view. It is wielding a +0 flail.
The orc moves out of view.
No target in view!
No target in view! 2 orcs come into view.
The orc shouts!
An orc comes into view. It is wielding a +0 war axe.
The orc shouts!
You hear a shout!
The orc shouts!
A hobgoblin comes into view.
You see here an amulet of magic regeneration.
There are monsters nearby!
There are monsters nearby!
The orc barely misses you. The orc closely misses you.
The orc hits you with a +0 flail.
You hit the orc with your +0 dagger.
You hit the orc with your +0 long sword.
The orc closely misses you. The orc hits you with a +0 flail!
The orc closely misses you.
There are monsters nearby!
You are too injured to fight recklessly!
You are too injured to fight recklessly! 😮 HP[-13]
You take 13 damage, and now have 22/35 hp.
MASSIVE DAMAGE!! (PAUSE)
The orc attacks as it pursues you! The orc hits you with a +0 dagger.
The orc attacks as it pursues you! The orc misses you.
The orc attacks as it pursues you! The orc misses you. 😮 HP[-1]
You take 1 damage, and now have 21/35 hp.
The orc closely misses you. The orc attacks as it pursues you!
The orc barely misses you. The orc attacks as it pursues you!
The orc hits you from afar with a +0 trident.
* * * LOW HITPOINT WARNING * * *
😨 HP[-5]
You take 5 damage, and now have 16/35 hp.
The orc attacks as it pursues you!
The orc hits you but does no damage. 😨 HP[+1]
You hit the orc but do no damage.
You slash the orc with your +0 long sword!
You kill the orc!
You closely miss the orc with your +0 dagger.
You slash the orc with your +0 long sword!
You kill the orc!
Unknown command.
You hit the orc with your +0 dagger.
You slash the orc with your +0 long sword!
You kill the orc!
The hobgoblin hits you.
* * * LOW HITPOINT WARNING * * *
The orc hits you from afar with a +0 trident.
* * * LOW HITPOINT WARNING * * *
Items here: ))) [. 😨 HP[-2]
You take 2 damage, and now have 15/35 hp.
You hit the hobgoblin with your +0 long sword.
You kill the hobgoblin!
The orc hits you from afar with a +0 trident!
* * * LOW HITPOINT WARNING * * *
😱 HP[-8]
You take 8 damage, and now have 7/35 hp.
MASSIVE DAMAGE!! (PAUSE)
The orc hits you with a +0 trident!
You die...

Skill      XL: |  1  2  3  4 |
---------------+-------------+-----
Long Blades    | 4 |  4.2
Fighting       | 3 |  3.0
Throwing       | |  1.7
Dodging        | |  2.6

Action                     |  1- 3 |  4- 6 || total
---------------------------+-------+-------++-------
  Melee: Dagger            |    51 |     4 ||    55
         Long sword        |    49 |     6 ||    55
   Stab: Sleeping          |     1 |     1 ||     2
         Distracted        |     1 |       ||     1
 Armour: Leather armour    |    23 |     9 ||    32
  Dodge: Dodged            |    39 |     8 ||    47

Levels and vault maps discovered:
D:1:      minmay_arrival_three_doors, layout_loops_cross,
          shapermc_ecumenical_altar_rom_forum, chequers_serial_rivers_large_a
D:2:      layout_rooms, basic_altar, nicolae_titane
D:3:      layout_loops_ring, uniq_grinder

Notes
Turn   | Place    | Note
-------+----------+-------------------------------------------
     0 | D:1      | kae the Coglin Gladiator began the quest for the Orb.
     0 | D:1      | Reached XP level 1. HP: 16/16 MP: 1/1
     0 | D:1      | magus.rc [v1.11.3]
   372 | D:1      | Reached XP level 2. HP: 22/22 MP: 2/2
   474 | D:1      | Found a faded altar of an unknown god.
   479 | D:1      | Got Plato's Handbook of the Missiles
   648 | D:2      | You pick up a book of Weapons and begin reading...
   648 | D:2      | You add the spells Tukima's Dance, Dimensional Bullseye and
                  | Iskenderun's Mystic Blast to your library.
   671 | D:2      | Reached XP level 3. HP: 27/28 MP: 3/3
   678 | D:2      | You add the spells Cigotuvi's Dreadful Rot, Ignite Poison
                  | and Freezing Cloud to your library.
   730 | D:2      | Reached skill level 4 in Long Blades
   822 | D:2      | You pick up a book of the Warp and begin reading...
   822 | D:2      | You add the spells Manifold Assault, Dispersal and
                  | Disjunction to your library.
   839 | D:2      | Found a sacrificial altar of Ru.
  1108 | D:3      | Reached XP level 4. HP: 34/34 MP: 4/4
  1143 | D:3      | Reached skill level 3 in Fighting
  1163 | D:3      | HP: 7/35 [orc/+0 trident (8)]
  1164 | D:3      | Slain by an orc

Vanquished Creatures
  3 adders
  4 orcs (D:3)
  4 endoplasms
  A giant cockroach (D:2)
  4 hobgoblins
  2 quokkas (D:2)
  2 ball pythons
  3 bats
  A frilled lizard (D:2)
  2 goblins (D:2)
  4 kobolds
  5 rats
35 creatures vanquished.

Table legend:
 A = Non-vault XP
 B = Vault XP
 C = Vault XP percentage of total XP
 D = Non-vault monster count
 E = Vault monster count
 F = Vault count percentage of total count
                 A         B        C        D         E       F
            +---------+---------+-------+---------+---------+-------
      Total |      94 |       0 |   0.0 |      35 |       0 |   0.0
            +---------+---------+-------+---------+---------+-------
        D:1 |      15 |       0 |   0.0 |      11 |       0 |   0.0
        D:2 |      47 |       0 |   0.0 |      15 |       0 |   0.0
        D:3 |      32 |       0 |   0.0 |       9 |       0 |   0.0
            +---------+---------+-------+---------+---------+-------

Skill      XL: |  1  2  3  4 |
---------------+-------------+-----
Long Blades    | 4 |  4.2
Fighting       | 3 |  3.0
Throwing       | |  1.7
Dodging        | |  2.6

Action                     |  1- 3 |  4- 6 || total
---------------------------+-------+-------++-------
  Melee: Dagger            |    51 |     4 ||    55
         Long sword        |    49 |     6 ||    55
   Stab: Sleeping          |     1 |     1 ||     2
         Distracted        |     1 |       ||     1
 Armour: Leather armour    |    23 |     9 ||    32
  Dodge: Dodged            |    39 |     8 ||    47

Illustrated notes

Table legend:
 A = Kills in this place as a percentage of kills in the entire game.
 B = Kills by you in this place as a percentage of kills by you in the entire game.
 C = Kills by friends in this place as a percentage of kills by friends in the entire game.
 D = Other kills in this place as a percentage of other kills in the entire game.
 E = Experience gained in this place as a percentage of experience gained in the entire game.
 F = Experience gained in this place divided by the number of levels of this place that you have seen.
                   A       B       C       D       E      F
               +-------+-------+-------+-------+-------+----------------------
         Total | 100.0 | 100.0 |   N/A |   N/A | 100.0 |  31.3
       Dungeon | 100.0 | 100.0 |   N/A |   N/A | 100.0 |  31.3
               +-------+-------+-------+-------+-------+----------------------

Table legend: (Time is in decaauts)
 A = Elapsed time spent in this place.
 B = Non-inter-level travel time spent in this place.
 C = Inter-level travel time spent in this place.
 D = Time resting spent in this place.
 E = Time spent auto-exploring this place.
 F = Levels seen in this place.
 G = Mean time per level.
                   A        B        C        D        E       F      G
               +--------+--------+--------+--------+--------+-----+--------+
         Total |   1176 |   1132 |     44 |      0 |    943 |   3 |  392.0 |
       Dungeon |   1176 |   1132 |     44 |      0 |    943 |   3 |  392.0 |
               +--------+--------+--------+--------+--------+-----+--------+

Top non-repeatable levels by time:
     D:1: 625 daAuts
     D:2: 414 daAuts
     D:3: 136 daAuts
